 Dungeon Crawl Stone Soup version 0.28.0-45-g0d030f2227 (webtiles) character file.

Game seed: 11975212147016970561

47 Peloso the Shield-Bearer (level 3, -2/33 HPs)
             Began as a Minotaur Fighter on Apr 9, 2022.
             Slain by Sigmund
             ... wielding a +0 scythe
              (10 damage)
             ... on level 2 of the Dungeon.
             The game lasted 00:03:47 (1231 turns).

Peloso the Shield-Bearer (Minotaur Fighter)         Turns: 1231, Time: 00:03:48

Health: -2/33      AC:  9    Str: 20    XL:     3   Next: 48%
Magic:  2/2        EV:  7    Int:  5    God:
Gold:   83         SH:  0    Dex: 11    Spells: 2/2 levels left

rFire   . . .      SeeInvis .   a - +0 long sword
rCold   . . .      Faith    .   c - +0 buckler
rNeg    . . .      Spirit   .   e - +0 chain mail
rPois   .          Reflect  .   (helmet restricted)
rElec   .          Harm     .   (no cloak)
rCorr   .          Rampage  .   (no gloves)
Will    .....                   (no boots)
Stlth   ..........              (no amulet)
HPRegen 0.11/turn               (no ring)
MPRegen 0.08/turn               (no ring)

@: confused
A: horns 2, retaliatory headbutt
a: no special abilities


You were on level 2 of the Dungeon.
You visited 1 branch of the dungeon, and saw 2 of its levels.

You collected 83 gold pieces.

Inventory:

Hand Weapons
 a - a +0 long sword (weapon)
Armour
 b - a +0 scale mail
 c - a +0 buckler (worn)
 e - a +0 chain mail (worn)
Scrolls
 f - 2 scrolls of identify {unknown}
Potions
 d - a potion of might
 g - a potion of brilliance {unknown}
 h - 2 potions of lignification {unknown}


   Skills:
 + Level 4.0 Fighting
 + Level 2.8 Long Blades
 + Level 4.3 Armour
 + Level 4.4 Shields


You had 2 spell levels left.
You didn't know any spells.
Your spell library was empty.

Dungeon Overview and Level Annotations

Branches:
Dungeon (2/15)

Altars:

Shops:
D:1 (

Annotations:
D:2 Sigmund


Innate Abilities, Weirdness & Mutations

You have a pair of horns on your head.
You reflexively headbutt those who attack you in melee.


Message History

The bat hits you but does no damage. You block the bat's attack.
You block the bat's attack. x2
You slash the bat!
You kill the bat!
Sigmund looks at you with fury.
Sigmund hits you from afar with a +0 scythe.
You hit Sigmund.
Sigmund is lightly wounded.
Sigmund hits you with a +0 scythe.
You barely miss Sigmund. Your headbutt misses Sigmund.
Sigmund is lightly wounded.
Sigmund barely misses you.
You hit Sigmund but do no damage.
Sigmund is lightly wounded.
Sigmund closely misses you.
You barely miss Sigmund. Your headbutt misses Sigmund.
Sigmund is lightly wounded.
Sigmund hits you with a +0 scythe.
You barely miss Sigmund. Your headbutt misses Sigmund.
Sigmund is lightly wounded.
Sigmund hits you with a +0 scythe.
You hit Sigmund but do no damage.
Sigmund is lightly wounded.
Sigmund hits you with a +0 scythe!
* * * LOW HITPOINT WARNING * * *
You slash Sigmund!
Sigmund is heavily wounded.
Sigmund hits you but does no damage.
You hit Sigmund.
Sigmund is severely wounded.
You closely miss Sigmund. Your headbutt misses Sigmund.
Sigmund is severely wounded.
Sigmund barely misses you.
You hit Sigmund. You headbutt Sigmund.
Sigmund is almost dead.
Sigmund casts a spell at you.
You are confused.
Sigmund hits you from afar with a +0 scythe!
You die...

##########
####........###
#..'........'.#
#.##........#.#
#.###########.#
#### #.#
####....##
..... #@#
#........#
......#.#
#........#
......@.#
#........#
......###
#........###
...>..
#........'..
.....
#........###
.....
#........# #
....
####+##'####
....
...........'


You could see Sigmund.

Vanquished Creatures
  A worm (D:2)
  A dart slug (D:1)
  An endoplasm (D:1)
  4 giant cockroaches (D:1)
  5 goblins
  5 hobgoblins
  3 jackals (D:1)
  2 ball pythons (D:1)
  6 bats
  2 frilled lizards
  6 kobolds (D:1)
  4 rats
40 creatures vanquished.

Notes
Turn   | Place    | Note
-------+----------+-------------------------------------------
     0 | D:1      | Peloso the Minotaur Fighter began the quest for the Orb.
     0 | D:1      | Reached XP level 1. HP: 19/19 MP: 0/0
   150 | D:1      | Reached XP level 2. HP: 16/27 MP: 1/1
   547 | D:1      | Found a faded altar of an unknown god.
   552 | D:1      | Reached XP level 3. HP: 31/33 MP: 2/2
   572 | D:1      | Found Caseh's Weapon Boutique.
  1212 | D:2      | Noticed Sigmund
  1231 | D:2      | Slain by Sigmund

Illustrated notes

Levels and vault maps discovered:
D:1:      dpeg_arrival_refuge, layout_loops_ring,
          shapermc_ecumenical_altar_pompeii, serial_shops,
          nicolae_shop_hallway_stairs
D:2:      layout_basic, uniq_sigmund

Skill      XL: |  1  2 |
---------------+-------+-----
Shields        | 4 |  4.4
Fighting       | 4 |  4.0
Armour         | 4 |  4.3
Long Blades    | |  2.8

Action                   || total
-------------------------++-------
Melee: Long sword        ||   101
       Headbutt          ||     9
Armor: Chain mail        ||    56
       Scale mail        ||     3
Dodge: Dodged            ||    38
Block: Buckler           ||    24
